 Dungeon Crawl Stone Soup version 0.23-a0-356-g1757c6e (webtiles) character file.

4 Cryolive the Digger (level 1, 0/10 HPs)
             Began as a Gargoyle Earth Elementalist on Oct 21, 2018.
             Slain by a hobgoblin (1 damage)
             ... on level 1 of the Dungeon.
             The game lasted 00:00:54 (159 turns).

Cryolive the Digger (Gargoyle Earth Elementalist)    Turns: 159, Time: 00:00:55

Health: 0/10       AC:  4    Str: 11    XL:     1   Next: 70%
Magic:  3/3        EV: 12    Int: 15    God:
Gold:   17         SH:  0    Dex: 10    Spells: 3/4 levels left

rFire    . . .     SeeInvis .   g - -2 whip (curse)
rCold    . . .     Gourm    .   (no shield)
rNeg     + . .     Faith    .   c - +0 robe
rPois    ∞         Spirit   .   (no helmet)
rElec    +         Reflect  .   (no cloak)
rCorr    .         Harm     .   (no gloves)
MR       .....                  (no boots)
Stlth    ++........             (no amulet)
HPRegen  0.03/turn              (no ring)
MPRegen  0.08/turn              (no ring)

@: no status effects
A: negative energy resistance 1, electricity resistance, unbreathing,
petrification resistance, rot immunity, AC +2
a: no special abilities


You were on level 1 of the Dungeon.
You were not hungry.

You visited 1 branch of the dungeon, and saw 1 of its levels.

You collected 17 gold pieces.

Inventory:

Hand Weapons
 a - a +0 hand axe
 g - a cursed -2 whip (weapon)
Missiles
 b - 56 stones (quivered)
Armour
 c - a +0 robe (worn)
Jewellery
 j - an uncursed ring of flight {unknown}
Scrolls
 f - a scroll of teleportation {unknown}
Potions
 e - a potion of curing {unknown}
 h - a potion of berserk rage {unknown}
 i - a potion of flight {unknown}
Comestibles
 d - a ration


   Skills:
 - Level 1.5 Dodging
 - Level 2.1 Stealth
 + Level 2.2 Spellcasting
   Level 0.7 Transmutations
 + Level 3.8 Earth Magic


You had 3 spell levels left.
You knew the following spells:

 Your Spells              Type           Power        Failure   Level  Hunger
a - Sandblast             Erth           ##....       4%          1    #......

Your spell library contained the following spells:

 Spells                   Type           Power        Failure   Level  Hunger
 Passwall                 Tmut/Erth      #.......     13%         2    ###....
 Stone Arrow              Conj/Erth      #.....       30%         3    ###....
 Petrify                  Tmut/Erth      #.......     63%         4    #####..
 Lee's Rapid Deconstruct  Erth           ##........   77%         5    ######.


Dungeon Overview and Level Annotations

Branches:
Dungeon (1/15)

Altars:


Innate Abilities, Weirdness & Mutations

You are resistant to torment.
Your stone body is resilient. (AC +2)
You are immune to poison.
You resist negative energy. (rN+)
You are resistant to electric shocks. (rElec)
You can survive without breathing.
You are immune to petrification.
You are immune to rotting.


Message History

Thin's tha be 'ere: a stone; a frilled lizard corpse Tha hobgoblin throws a stone.
Tha stone hits ye but does nay damage.
Ye see 'ere 2 stones.
Tha hobgoblin throws a stone.
Tha stone completely misses ye.
Tha hobgoblin throws a stone.
Tha stone misses ye.
Tha hobgoblin throws a stone.
Tha stone closely misses ye.
Tha hobgoblin hits ye but does nay damage.
Ye see 'ere 2 stones.
Ye hit tha hobgoblin.
Tha hobgoblin be heavily wounded.
Tha hobgoblin hits ye.
* * * LOW HITPOINT WARNIN'
* * * Ye hit tha hobgoblin but do nay damage.
Tha hobgoblin be heavily wounded.
Tha hobgoblin barely misses ye.
Ye hit tha hobgoblin but do nay damage.
Tha hobgoblin be heavily wounded.
Tha hobgoblin hits ye.
Ye die...

....#.## ...
#######....###.##.........
..........>...........$...
.....##.....(..# .......
.....###(......## .......
.....##.........# .......
(....##!........# .......
.....##.........###....#
.....##.$†(.....@g.....#
.....##.....(..........#
.######................#
.## #.....(....#.#...#
..#####............#..$#
#..##............#..>...#
##.##..............####.#
##................## ..
.............


You could see a hobgoblin.

Vanquished Creatures
  A goblin (D:1)
  2 frilled lizards (D:1)
  2 kobolds (D:1)
  A rat (D:1)
6 creatures vanquished.

Notes
Turn   | Place    | Note
-------+----------+-------------------------------------------
     0 | D:1      | Cryolive the Gargoyle Earth Elementalist began the quest
                  | for the Orb.
     0 | D:1      | Reached XP level 1. HP: 10/10 MP: 3/3
   159 | D:1      | Slain by a hobgoblin

Vault maps used:
D:1:      matt_arrival_diagonals

Action                   || total
-------------------------++-------
Melee: Whip              ||    18
       Hand axe          ||     6
Armor: Robe              ||     8
Dodge: Dodged            ||    28

Table legend:
 A = Non-vault XP
 B = Vault XP
 C = Vault XP percentage of total XP
 D = Non-vault monster count
 E = Vault monster count
 F = Vault count percentage of total count
                 A         B        C        D         E       F
            +---------+---------+-------+---------+---------+-------
      Total |       7 |       0 |   0.0 |       6 |       0 |   0.0
            +---------+---------+-------+---------+---------+-------
        D:1 |       7 |       0 |   0.0 |       6 |       0 |   0.0
            +---------+---------+-------+---------+---------+-------
